 Dungeon Crawl Stone Soup version 0.31-a0-233-g139696dc86 (webtiles) character file.

Game seed: 7427844458042267325

351 qw the Shooter (level 6, -6/53 HPs)
             Began as a Minotaur Hexslinger on July 8, 2023.
             Mangled by an ogre
             ... wielding a +0 giant spiked club
              (24 damage)
             ... on level 4 of the Dungeon.
             The game lasted 00:01:04 (2464 turns).

qw the Shooter (Minotaur Hexslinger)                Turns: 2464, Time: 00:01:05

Health: -6/53      AC:  6    Str: 12    XL:     6   Next: 34%
Magic:  6/6        EV: 12    Int: 10    God:
Gold:   111        SH:  0    Dex: 15    Spells: 6/7 levels left

rFire   . . .        c - +0 orcbow
rCold   . . .        (shield currently unavailable)
rNeg    + + .        m - +1 leather armour of the Game of Kings {rN++}
rPois   .            (helmet restricted)
rElec   .            l - +1 cloak
rCorr   .            (no gloves)
SInv    .            (no boots)
Will    .....        (no amulet)
Stlth   +            (no ring)
HPRegen 0.28/turn    (no ring)
MPRegen 0.10/turn

%: no passive effects
@: no status effects
A: horns 2, retaliatory headbutt
a: no special abilities


You were on level 4 of the Dungeon.
You visited 1 branch of the dungeon, and saw 4 of its levels.

You collected 149 gold pieces.
You spent 38 gold pieces at shops.


Innate Abilities, Weirdness & Mutations

You have a pair of horns on your head.
You reflexively headbutt those who attack you in melee.


   Skills:
 - Level 4.3 Fighting
 + Level 6.0 Ranged Weapons
 - Level 1.5 Armour
 - Level 2.1 Dodging
 - Level 1.0 Spellcasting
 - Level 2.0 Hexes


You had 6 spell levels left.
You knew the following spells:

 Your Spells              Type           Power      Damage    Failure   Level
a - Slow                  Hex            16%        N/A       19%         1

Your spell library contained the following spells:

 Spells                   Type           Power      Damage    Failure   Level
 Inner Flame              Hex/Fire       2%         N/A       65%         3
 Portal Projectile        Hex/Tloc       4%         N/A       65%         3
 Cause Fear               Hex            2%         N/A       88%         4

Inventory:

Hand Weapons
 c - a +0 orcbow (weapon)
Armour
 l - a +1 cloak (worn)
 m - the +1 leather armour of the Game of Kings (worn) {rN++}
   (You found it on level 3 of the Dungeon)

   rN:        It greatly protects you from negative energy.
Jewellery
 a - a ring of wizardry
Scrolls
 d - a scroll of brand weapon {unknown}
Potions
 b - a potion of attraction {unknown}
 e - a potion of resistance {unknown}
 f - a potion of haste
 h - a potion of might {unknown}
 i - a potion of lignification {unknown}
 k - a potion of curing {unknown}

Dungeon Overview and Level Annotations

Branches:
Dungeon (4/15)
 Temple: D:4-7

Altars:
Sif Muna

Shops:
D:4 (


Message History

Enter note:
Enter note: You shoot an arrow.
The ogre shouts!
The arrow hits the phantom but does no damage.
The phantom is heavily damaged.
The phantom closely misses you.
You shoot an arrow. The arrow barely misses the phantom.
The ogre closely misses you. The phantom hits you.
The phantom blinks!
You blink.
Enter note:
Enter note: You shoot an arrow.
The arrow hits the phantom.
The phantom is severely damaged.
The phantom closely misses you.
The phantom hits you but does no damage.
You shoot an arrow. The arrow barely misses the phantom.
The phantom closely misses you. You furiously retaliate!
You headbutt the phantom. You shoot an arrow.
The arrow closely misses the phantom.
The phantom barely misses you.
You shoot an arrow. The arrow barely misses the phantom.
The phantom barely misses you.
You shoot an arrow. The arrow closely misses the phantom.
The phantom hits you.
The phantom blinks!
You blink.
The phantom hits you.
The phantom blinks!
You blink.
You shoot an arrow. The arrow closely misses the phantom.
The phantom hits you.
You shoot an arrow. The arrow closely misses the phantom.
The phantom hits you but does no damage.
You shoot an arrow. The arrow hits the phantom.
The phantom is almost destroyed.
The phantom hits you but does no damage.
The ogre closely misses you. You furiously retaliate!
You headbutt the ogre! You shoot an arrow.
The arrow hits the phantom but does no damage.
The phantom is almost destroyed.
The phantom barely misses you.
The ogre hits you with a +0 giant spiked club!!
You die...

#### #... #..#
##..# ##..#
######..#
#...O.¤## #O####.#
#@####[# #
####W##.%?##.#.#.#
#.......#)¤O......
#.#####.##.######.
#####.#
#.##%¤....#
#.....# #.
#.####.# #.###.#
#. #.# #.# #.# #.
#.# #.# #.. .. #..


You could see an ogre and a phantom.

Vanquished Creatures
  A phantom (D:4)
  A scorpion (D:4)
  A gnoll bouda (D:4)
  A jelly (D:4)
  An iguana (D:4)
  4 gnolls (D:4)
  2 adders
  4 dart slugs
  3 orcs (D:3)
  6 bats
  7 endoplasms
  A giant cockroach (D:4)
  7 goblins
  7 hobgoblins
  2 jackals (D:1)
  9 kobolds
  6 quokkas
  3 ball pythons
  2 frilled lizards
  3 rats
71 creatures vanquished.

Notes
Turn   | Place    | Note
-------+----------+-------------------------------------------
     0 | D:1      | qw the Minotaur Hexslinger began the quest for the Orb.
     0 | D:1      | Reached XP level 1. HP: 16/16 MP: 1/1
     0 | D:1      | 0 ||| qw: Version: 0.3-a-46-gb1f654a
     0 | D:1      | 0 ||| qw: Game counter: 3677
     0 | D:1      | 0 ||| qw: Melee chars always use a shield: true
     0 | D:1      | 0 ||| qw: God list: Okawaru
     0 | D:1      | 0 ||| qw: Allow faded altars: false
     0 | D:1      | 0 ||| qw: Do Orc after clearing Dungeon:15 true
     0 | D:1      | 0 ||| qw: Do second Lair branch before Depths: true
     0 | D:1      | 0 ||| qw: Lair rune preference: random
     0 | D:1      | 0 ||| qw: Goals: Normal
     0 | D:1      | 0 ||| PLANNING D:1-11
    33 | D:1      | HP: 3/16 [goblin/+0 dagger (4)]
    37 | D:1      | Reached skill level 3 in Ranged Weapons
    37 | D:1      | Reached XP level 2. HP: 6/23 MP: 2/2
   310 | D:1      | Reached XP level 3. HP: 29/29 MP: 3/3
   714 | D:1      | 714 ||| UPGRADING to +0 ring mail.
   724 | D:1      | 724 ||| DROPPING +0 robe.
   725 | D:1      | 725 ||| READING scroll labelled XOWKUA KEANKUS.
   726 | D:1      | 726 ||| READING scroll labelled POASIJ BUFEUGO.
   727 | D:1      | 727 ||| READING scroll labelled AWNELI ONNIUGU.
   732 | D:1      | 732 ||| DROPPING scroll of poison.
   767 | D:2      | Reached skill level 4 in Ranged Weapons
  1079 | D:2      | Reached skill level 1 in Armour
  1377 | D:2      | 1377 ||| READING scroll labelled BUDDIEHUSHRU.
  1378 | D:2      | 1378 ||| READING scroll labelled CAACSY DIOJOG.
  1379 | D:2      | 1379 ||| DRINKING 2 puce potions.
  1380 | D:2      | 1380 ||| DRINKING 2 fizzy coppery potions.
  1438 | D:3      | 1438 ||| SWAPPING to +3 sling.
  1439 | D:3      | 1439 ||| DROPPING +2 sling.
  1577 | D:3      | Reached XP level 4. HP: 36/36 MP: 4/4
  1881 | D:3      | Identified the +1 leather armour of the Game of Kings
                  | {rN++}
  1901 | D:3      | 1901 ||| UPGRADING to +1 cloak.
  1906 | D:3      | 1906 ||| UPGRADING to +1 leather armour of the Game of
                  | Kings {rN++}.
  1916 | D:3      | 1916 ||| DROPPING +0 ring mail.
  1917 | D:3      | 1917 ||| READING scroll labelled PIX UDIFURCH.
  1918 | D:3      | 1918 ||| READING scroll labelled VIRRAI ECLEXKI.
  1950 | D:4      | Found a shimmering blue altar of Sif Muna.
  1952 | D:4      | 1952 ||| Stepping ~*~*~tactically~*~*~ (outnumbered).
  1969 | D:4      | HP: 3/36 [gnoll bouda/+0 club (9)]
  1970 | D:4      | 1970 ||| DRINKING potion of heal wounds.
  1973 | D:4      | Reached skill level 5 in Ranged Weapons
  1973 | D:4      | Reached XP level 5. HP: 12/41 MP: 5/5
  1973 | D:4      | 1973 ||| Stepping ~*~*~tactically~*~*~ (outnumbered).
  1974 | D:4      | HP: 9/41 [gnoll/+0 spear[a gnoll bouda] (3)]
  1975 | D:4      | 1975 ||| Stepping ~*~*~tactically~*~*~ (outnumbered).
  2147 | D:4      | Reached skill level 3 in Fighting
  2227 | D:4      | Found Zoorup's Weapon Shoppe.
  2236 | D:4      | 2236 ||| BUYING +0 orcbow (38 gold).
  2236 | D:4      | Bought a +0 orcbow for 38 gold pieces
  2236 | D:4      | 2236 ||| SWAPPING to +0 orcbow.
  2237 | D:4      | 2237 ||| DROPPING +3 sling.
  2423 | D:4      | 2423 ||| FLEEEEING.
  2431 | D:4      | Noticed a phantom
  2435 | D:4      | Noticed a phantom
  2438 | D:4      | Reached skill level 6 in Ranged Weapons
  2438 | D:4      | Reached XP level 6. HP: 33/51 MP: 6/6
  2464 | D:4      | Mangled by an ogre

Levels and vault maps discovered:
D:1:      doesnt_arrival_eight_statues, layout_rooms, dk_noncrumbling_3,
          amcnicky_mini_rare_corridor_liquid, corexii_item_surrounded_by_moat,
          chequers_serial_rivers_micro_b
D:2:      layout_loops_ring
D:3:      layout_loops_ring, serial_glass, glass_columns_a, glass_columns_c,
          minmay_strange_pillars, item_on_display_b, item_on_display_a
D:4:      layout_loops_ring, lemuel_round_altar, nicolae_ru_path_of_blood,
          minmay_temple_entry_fiery, serial_shops,
          nicolae_shop_temple_entry_statues_fountains, nicolae_elemental_shop,
          minmay_ruined_shrine

Skill      XL: |  1  2  3  4  5  6 |
---------------+-------------------+-----
Ranged Weapons | 3 4 5 6 |  6.0
Fighting       | 2 3 4 |  4.3
Armour         | 1 |  1.5
Dodging        | |  2.1
Spellcasting   | |  1.0
Hexes          | |  2.0

Action                     |  1- 3 |  4- 6 || total
---------------------------+-------+-------++-------
   Fire: Sling             |   152 |    55 ||   207
         Orcbow            |       |    60 ||    60
    Use: Scroll            |     5 |     2 ||     7
         Potion            |     2 |     1 ||     3
 Armour: Robe              |     7 |       ||     7
         Ring mail         |     8 |     1 ||     9
         Leather armour    |       |    25 ||    25
  Dodge: Dodged            |    59 |    61 ||   120

Table legend:
 A = Non-vault XP
 B = Vault XP
 C = Vault XP percentage of total XP
 D = Non-vault monster count
 E = Vault monster count
 F = Vault count percentage of total count
                 A         B        C        D         E       F
            +---------+---------+-------+---------+---------+-------
      Total |     308 |     194 |  38.6 |      65 |       6 |   8.5
            +---------+---------+-------+---------+---------+-------
        D:1 |      55 |       0 |   0.0 |      29 |       0 |   0.0
        D:2 |      29 |       0 |   0.0 |       9 |       0 |   0.0
        D:3 |      24 |       0 |   0.0 |      12 |       0 |   0.0
        D:4 |     200 |     194 |  49.2 |      15 |       6 |  28.6
            +---------+---------+-------+---------+---------+-------
